 Dungeon Crawl Stone Soup version 0.21-a0-508-gf08a75f (webtiles) character file.

23480 Laiders the Archer (level 13, -13/103 HPs)
             Began as a Gnoll Wanderer on Nov 28, 2017.
             Was the Champion of Cheibriados.
             Killed from afar by a manticore (17 damage)
             ... with a volley of spikes
             ... on level 13 of the Dungeon on Nov 29, 2017.
             The game lasted 00:55:18 (12425 turns).

Laiders the Archer (Gnoll Wanderer)                Turns: 12425, Time: 00:55:19

Health: -13/103    AC: 18    Str: 39    XL:     13   Next: 7%
Magic:  0/24       EV: 18    Int: 31    God:    Cheibriados [******]
Gold:   218        SH:  0    Dex: 34    Spells: 27/27 levels left

rFire    . . .     SeeInvis .   X - +4 broad axe of Tomorrow {holy, *Rage rN+ Str+4 Dex+6}
rCold    . . .     Gourm    .   (no shield)
rNeg     + + .     Faith    .   O - +0 chain mail {rN+}
rPois    .         Spirit   +   t - +1 helmet
rElec    .         Reflect  .   y - +0 cloak
rCorr    .         Harm     .   v - +1 pair of gloves
MR       +....     Rnd*Rage +   U - +0 pair of boots
Stlth    ++........             M - amulet of guardian spirit
HPRegen  0.27/turn              Z - ring of protection from magic
MPRegen  0.19/turn              E - +4 ring of slaying

@: barbed spikes, berserk cooldown, very slightly contaminated, slowed, very
slow
A: distributed training, fangs 1, strong nose
a: Bend Time, Temporal Distortion, Slouch, Step From Time, Renounce Religion


You were on level 13 of the Dungeon.
You worshipped Cheibriados.
Cheibriados was exalted by your worship.
You were not hungry.

You visited 2 branches of the dungeon, and saw 14 of its levels.

You collected 598 gold pieces.
You spent 380 gold pieces at shops.

Inventory:

Hand Weapons
 P - a +2 demon blade of electrocution
 X - the +4 broad axe of Tomorrow (weapon) {holy, *Rage rN+ Str+4 Dex+6}
   (You took it off an orc warrior on level 11 of the Dungeon)

   It has been blessed by the Shining One to cause great damage to the undead
   and demons.
   It affects your strength (+4).
   It affects your dexterity (+6).
   It protects you from negative energy.
   It may make you go berserk in combat.
 Y - a +0 shortbow of freezing
Missiles
 b - 251 arrows
 n - 16 tomahawks (quivered)
 K - 4 tomahawks of returning
Armour
 s - a +1 hat
 t - a +1 helmet (worn)
 v - a +1 pair of gloves (worn)
 y - a +0 cloak (worn)
 O - a +0 chain mail of positive energy (worn)
 U - a +0 pair of boots (worn)
Jewellery
 e - an uncursed ring of flight
 g - an uncursed amulet of harm {unknown}
 k - an uncursed ring of magical power
 l - a +5 amulet of reflection {unknown}
 p - an uncursed ring of resist corrosion
 w - an uncursed ring of see invisible
 E - a +4 ring of slaying (right hand)
 M - an amulet of guardian spirit (around neck)
 Z - a ring of protection from magic (left hand)
Wands
 D - a wand of digging (15)
 J - a wand of disintegration (35)
 N - a wand of iceblast (29)
 R - a wand of polymorph (17)
 T - a wand of flame (21)
Scrolls
 c - 3 scrolls of blinking
 d - 9 scrolls of teleportation
 o - 5 scrolls of remove curse
 r - a scroll of immolation {unknown}
 u - 5 scrolls of magic mapping
 x - 3 scrolls of amnesia
 G - a scroll of holy word
 I - 5 scrolls of fog
 L - 3 scrolls of fear
Potions
 h - 3 potions of heal wounds
 i - 2 potions of ambrosia
 j - 7 potions of curing
 m - 5 potions of flight
 q - a potion of might
 C - 2 potions of invisibility
 F - a potion of lignification {unknown}
 H - a potion of degeneration {unknown}
 Q - 4 potions of mutation {unknown}
Miscellaneous
 V - a box of beasts
Comestibles
 a - 4 chunks of flesh
 f - 7 bread rations
 z - 4 meat rations
 A - 7 fruits
 B - 7 royal jellies


   Skills:
 + Level 10.1 Fighting
 + Level 7.8 Short Blades
 + Level 7.8 Long Blades
 + Level 7.8 Axes
 + Level 7.8 Maces & Flails
 + Level 8.2 Polearms
 + Level 7.8 Staves
 + Level 7.8 Slings
 + Level 10.1 Bows
 + Level 7.8 Crossbows
 + Level 7.8 Throwing
 + Level 7.8 Armour
 + Level 7.8 Dodging
 + Level 8.9 Stealth
 + Level 7.8 Shields
 + Level 7.8 Unarmed Combat
 + Level 7.8 Spellcasting
 + Level 6.4 Conjurations
 + Level 6.4 Hexes
 + Level 6.4 Charms
 + Level 6.4 Summonings
 + Level 6.4 Necromancy
 + Level 6.4 Translocations
 + Level 6.4 Transmutations
 + Level 6.4 Fire Magic
 + Level 6.4 Ice Magic
 + Level 6.4 Air Magic
 + Level 6.4 Earth Magic
 + Level 6.4 Poison Magic
 + Level 8.5 Invocations
 + Level 8.2 Evocations


You had 27 spell levels left.
You didn't know any spells.

Dungeon Overview and Level Annotations

Branches:
Dungeon (13/15)            Temple (1/1) D:5            Lair (0/6) D:10
    Orc (0/2) D:11
 Vaults: D:13-14

Altars:
Ashenzari
Cheibriados
Dithmenos
Elyvilon
Fedhas
Gozag
Hepliaklqana
Kikubaaqudgha
Makhleb
Nemelex Xobeh
Okawaru
Qazlal
Ru
Sif Muna
Trog
Uskayaw
Vehumet
Wu Jian
Xom
Yredelemnul
Zin
The Shining One
Beogh

Shops:
D:7 }   D:9 }


Innate Abilities, Weirdness & Mutations

Your experience applies equally to all skills.
You have very sharp teeth.
Your uncanny sense of smell can sniff out nearby items.


Message History

The skeletal warrior hits you but does no damage.
The death knight mumbles some strange prayers to Yredelemnul against you.
Your body is wracked with pain!
* * * LOW HITPOINT WARNING * * *
The death knight hits you with an enchanted battleaxe!
* * * LOW HITPOINT WARNING * * *
The skeletal warrior hits you with an enchanted mace!
* * * LOW HITPOINT WARNING * * *
Blink to where?
Press: ? - help, Dir - move target cursor You are very lightly contaminated with residual magic.
As you read the scroll of blinking, it crumbles to dust.
A wyvern comes into view.
The wyvern hisses angrily.
You hear a blaring wail to the east.
The death knight invokes the aid of Yredelemnul against you.
You easily resist.
The manticore flicks its tail.
The volley of spikes hits you!
The barbed spikes become lodged in your body.
You die...

# . ### #
############.. ###.#
# #.....@...l....
.>.. #
#.#.###.####...
#.####
.#####.####.....
.....#.##.....#รท
#.#.#.#.##.......
#.##H#p#.#.##.......
.......z.#.##.....##
#.###.#))#..........
.. #)..#####.#.##


You could see a death knight, a skeletal warrior, a manticore and a wyvern.

Vanquished Creatures
  A centaur warrior (D:12)
  4 two-headed ogres
  The ghost of Dustman the Fighter, a novice HuGl of Makhleb (D:10)
  2 unseen horrors
  An orc knight (D:11)
  Pikel (D:8)
  A wolf spider zombie (D:12)
  The ghost of Laird the Fighter, a novice OgBe of Trog (D:5)
  2 cyclopes
  2 ugly things (D:11)
  An elephant (D:10)
  Maurice (D:11)
  Joseph (D:7)
  A centaur skeleton (D:10)
  4 trolls
  2 hippogriffs
  Prince Ribbit (D:7)
  Sigmund (D:2)
  A wyvern (D:10)
  4 wraiths
  Eustachio (D:5)
  4 humans
  A vampire (D:10)
  4 hogs (D:8)
  10 yaks
  2 hungry ghosts
  Grum (D:8)
  A basilisk (D:10)
  Menkaure (D:5)
  An acid dragon (D:12)
  A water moccasin (D:12)
  Duvessa (D:5)
  13 orc warriors
  A slave (D:8)
  5 ice beasts
  3 sky beasts
  A hornet zombie (D:11)
  9 ogres
  A necrophage (D:12)
  2 phantoms
  3 wolves (D:8)
  2 black bears
  3 crocodiles
  10 centaurs
  A big kobold (D:9)
  7 bullfrogs
  Dowan (D:5)
  A water moccasin zombie (D:12)
  4 scorpions
  A water moccasin skeleton (D:8)
  5 killer bees (D:8)
  4 wights (D:10)
  4 crimson imps
  2 bullfrog zombies
  17 orc priests
  Crazy Yiuf (D:3)
  5 hounds
  2 quasits
  3 bullfrog skeletons
  3 iguanas
  Natasha (D:3)
  18 orc wizards
  11 worker ants
  A hound zombie (D:9)
  2 hound skeletons
  A howler monkey zombie (D:11)
  13 adders
  3 shadow imps
  2 oozes
  An adder zombie (D:6)
  An adder skeleton (D:6)
  A worm (D:4)
  A dart slug (D:2)
  7 leopard geckos
  87 orcs
  3 giant cockroaches
  7 goblins
  4 hobgoblins
  4 jackals (D:5)
  10 kobolds
  8 quokkas
  A ball python (D:2)
  10 bats
  5 frilled lizards
  A quokka skeleton (D:5)
  A quokka zombie (D:6)
  9 rats
388 creatures vanquished.

Vanquished Creatures (others)
  A slave (D:8)
  An orc priest (D:3)
  An adder (D:3)
  An orc (D:3)
  A frilled lizard (D:3)
  A rat (D:3)
6 creatures vanquished.

Grand Total: 394 creatures vanquished

Notes
Turn   | Place    | Note
-------+----------+-------------------------------------------
     0 | D:1      | Laiders the Gnoll Wanderer began the quest for the Orb.
     0 | D:1      | Laiders set off with: a +2 shortbow, 26 arrows, a +0 ring mail, a scroll of teleportation, a +0 dagger, a bread ration
     0 | D:1      | Reached XP level 1. HP: 23/23 MP: 2/2
   230 | D:1      | Reached XP level 2. HP: 29/29 MP: 3/3
   873 | D:2      | Reached XP level 3. HP: 35/35 MP: 4/4
  1136 | D:2      | Reached skill level 1 in Invocations
  1242 | D:2      | Noticed Sigmund
  1346 | D:2      | Killed Sigmund
  1346 | D:2      | Reached skill level 1 in Short Blades
  1346 | D:2      | Reached skill level 1 in Long Blades
  1346 | D:2      | Reached skill level 1 in Axes
  1346 | D:2      | Reached skill level 1 in Maces & Flails
  1346 | D:2      | Reached skill level 1 in Staves
  1346 | D:2      | Reached skill level 1 in Slings
  1346 | D:2      | Reached skill level 1 in Crossbows
  1346 | D:2      | Reached skill level 1 in Throwing
  1346 | D:2      | Reached skill level 1 in Armour
  1346 | D:2      | Reached skill level 1 in Dodging
  1346 | D:2      | Reached skill level 1 in Shields
  1346 | D:2      | Reached skill level 1 in Unarmed Combat
  1346 | D:2      | Reached skill level 1 in Spellcasting
  1346 | D:2      | Reached skill level 1 in Conjurations
  1346 | D:2      | Reached skill level 1 in Hexes
  1346 | D:2      | Reached skill level 1 in Charms
  1346 | D:2      | Reached skill level 1 in Summonings
  1346 | D:2      | Reached skill level 1 in Necromancy
  1346 | D:2      | Reached skill level 1 in Translocations
  1346 | D:2      | Reached skill level 1 in Transmutations
  1346 | D:2      | Reached skill level 1 in Fire Magic
  1346 | D:2      | Reached skill level 1 in Ice Magic
  1346 | D:2      | Reached skill level 1 in Air Magic
  1346 | D:2      | Reached skill level 1 in Earth Magic
  1346 | D:2      | Reached skill level 1 in Poison Magic
  1346 | D:2      | Reached XP level 4. HP: 34/41 MP: 6/6
  1346 | D:2      | Reached XP level 5. HP: 39/47 MP: 7/7
  1513 | D:3      | Reached XP level 6. HP: 53/53 MP: 8/8
  1878 | D:3      | Found a runed door.
  2373 | D:3      | Noticed Natasha
  2380 | D:3      | Killed Natasha
  2493 | D:3      | Noticed Crazy Yiuf
  2499 | D:3      | Killed Crazy Yiuf
  2499 | D:3      | Reached XP level 7. HP: 37/59 MP: 10/10
  2838 | D:4      | Found a white marble altar of Elyvilon.
  2840 | D:4      | Found a stormy altar of Qazlal.
  2842 | D:4      | Found an ornate altar of the Wu Jian Council.
  3543 | D:5      | Entered Level 5 of the Dungeon
  3568 | D:5      | Reached skill level 5 in Stealth
  3686 | D:5      | Found a staircase to the Ecumenical Temple.
  3782 | Temple   | Entered the Ecumenical Temple
  3847 | Temple   | Became a worshipper of Cheibriados the Contemplative
  3877 | D:5      | Reached XP level 8. HP: 67/67 MP: 12/12
  3958 | D:5      | Noticed Laird's ghost (novice OgBe)
  4157 | D:5      | Noticed Menkaure
  4159 | D:5      | Killed Menkaure
  4303 | D:5      | Noticed Duvessa
  4311 | D:5      | Killed Duvessa
  4313 | D:5      | Noticed Dowan
  4326 | D:5      | Killed Laird's ghost
  4330 | D:5      | Noticed Eustachio
  4339 | D:5      | Killed Dowan
  4339 | D:5      | Reached XP level 9. HP: 43/72 MP: 14/14
  4341 | D:5      | Reached * piety under Cheibriados
  4362 | D:5      | Killed Eustachio
  5009 | D:6      | Reached ** piety under Cheibriados
  5057 | D:6      | Found a hide-covered altar of Uskayaw.
  5137 | D:6      | Reached skill level 5 in Polearms
  5137 | D:6      | Reached skill level 5 in Evocations
  5305 | D:6      | Found a hazy altar of Hepliaklqana.
  5367 | D:6      | Found a glowing golden altar of the Shining One.
  5575 | D:7      | Noticed Joseph
  5584 | D:7      | Killed Joseph
  5584 | D:7      | Reached skill level 5 in Invocations
  5610 | D:7      | Found a burning altar of Makhleb.
  5626 | D:7      | Noticed Prince Ribbit
  5638 | D:7      | Killed Prince Ribbit
  5690 | D:7      | Reached XP level 10. HP: 80/80 MP: 17/17
  5759 | D:7      | Found Neatsiam's Gadget Boutique.
  6324 | D:8      | Noticed Pikel
  6339 | D:8      | Killed Pikel
  6339 | D:8      | Reached skill level 5 in Short Blades
  6339 | D:8      | Reached skill level 5 in Long Blades
  6339 | D:8      | Reached skill level 5 in Axes
  6339 | D:8      | Reached skill level 5 in Maces & Flails
  6339 | D:8      | Reached skill level 5 in Staves
  6339 | D:8      | Reached skill level 5 in Slings
  6339 | D:8      | Reached skill level 5 in Crossbows
  6339 | D:8      | Reached skill level 5 in Throwing
  6339 | D:8      | Reached skill level 5 in Armour
  6339 | D:8      | Reached skill level 5 in Dodging
  6339 | D:8      | Reached skill level 5 in Shields
  6339 | D:8      | Reached skill level 5 in Unarmed Combat
  6339 | D:8      | Reached skill level 5 in Spellcasting
  6358 | D:8      | Found a blossoming altar of Fedhas.
  6472 | D:8      | Found a sacrificial altar of Ru.
  6476 | D:8      | Reached *** piety under Cheibriados
  7048 | D:8      | Noticed Grum
  7066 | D:8      | Killed Grum
  7223 | D:8      | Noticed a two-headed ogre
  7246 | D:8      | Killed a two-headed ogre
  7246 | D:8      | Reached XP level 11. HP: 24/87 MP: 12/19
  7776 | D:9      | Found an opulent altar of Gozag.
  7913 | D:9      | Reached **** piety under Cheibriados
  8095 | D:9      | Found a basalt altar of Yredelemnul.
  8110 | D:9      | Found Yrete's Gadget Shoppe.
  8342 | D:9      | Noticed a two-headed ogre
  8347 | D:9      | Killed a two-headed ogre
  8347 | D:9      | Reached skill level 5 in Conjurations
  8347 | D:9      | Reached skill level 5 in Hexes
  8347 | D:9      | Reached skill level 5 in Charms
  8347 | D:9      | Reached skill level 5 in Summonings
  8347 | D:9      | Reached skill level 5 in Necromancy
  8347 | D:9      | Reached skill level 5 in Translocations
  8347 | D:9      | Reached skill level 5 in Transmutations
  8347 | D:9      | Reached skill level 5 in Fire Magic
  8347 | D:9      | Reached skill level 5 in Ice Magic
  8347 | D:9      | Reached skill level 5 in Air Magic
  8347 | D:9      | Reached skill level 5 in Earth Magic
  8347 | D:9      | Reached skill level 5 in Poison Magic
  8742 | D:7      | Bought a wand of digging (15) for 380 gold pieces
  8801 | D:10     | Entered Level 10 of the Dungeon
  8930 | D:10     | Reached ***** piety under Cheibriados
  8937 | D:10     | Found a staircase to the Lair.
  9377 | D:10     | Noticed an unseen horror
  9383 | D:10     | Killed an unseen horror
  9392 | D:10     | Noticed a two-headed ogre
  9401 | D:10     | Killed a two-headed ogre
  9593 | D:10     | Noticed Dustman's ghost (novice HuGl)
  9602 | D:10     | Killed Dustman's ghost
  9602 | D:10     | Reached XP level 12. HP: 81/96 MP: 19/22
  9719 | D:10     | Found a shattered altar of Ashenzari.
 10379 | D:11     | Noticed Maurice
 10388 | D:11     | Killed Maurice
 10726 | D:11     | Found a staircase to the Orcish Mines.
 10805 | D:11     | Got a crystal broad axe {holy}
 10824 | D:11     | Identified the +4 broad axe of Tomorrow {holy, *Rage rN+ Str+4 Dex+6} (You took it off an orc warrior on level 11 of the Dungeon)
 10928 | D:11     | Found a roughly hewn altar of Beogh.
 10972 | D:11     | Reached ****** piety under Cheibriados
 11335 | D:12     | Noticed a centaur warrior
 11348 | D:12     | Killed a centaur warrior
 11514 | D:12     | Reached skill level 10 in Fighting
 11514 | D:12     | Reached skill level 10 in Bows
 12204 | D:12     | Noticed a two-headed ogre
 12209 | D:12     | Killed a two-headed ogre
 12209 | D:12     | Reached XP level 13. HP: 84/103 MP: 19/24
 12424 | D:13     | HP: 4/103 [skeletal warrior/enchanted mace[a death knight] (7)]
 12425 | D:13     | Killed from afar by a manticore

Vault maps used:
D:1:      saegor_arrival_simple_f
D:2:      first_bread, uniq_sigmund
D:3:      lemuel_old_faithful, uniq_crazy_yiuf_cottage, uniq_natasha
D:4:      grunt_temple_overflow_open, hangedman_abyss_or_decor_lesser_grid,
          minmay_box_of_dots
D:5:      lemuel_upstairs_altar, temple_pool_b, hangedman_decor_slide_cut,
          uniq_eustachio, uniq_menkaure, uniq_duvessa
D:6:      old_standard_altar, nicolae_tso_carved_into_rock,
          eat_drink_and_be_merry_uskayaw, st_stairs_13
D:7:      bloody_makhleb, serial_shops, shop_statue, uniq_prince_ribbit1,
          uniq_joseph
D:8:      nicolae_ru_great_annihilating_truth, fedhas_altar_2, grunt_livestock,
          uniq_pikel, uniq_grum
D:9:      basic_altar, serial_shops, nicolae_shop_waterfront, lemuel_tele_altar
D:10:     david_lair_generic, basic_altar, minmay_ruffians
D:11:     hiddenorc2_lemuel, uniq_maurice
D:13:     minmay_tree_intersection
Temple:   cyrus_circular_temple

Skill      XL: |  1  2  3  4  5  6  7  8  9 10 11 12 |
---------------+-------------------------------------+-----
Invocations    | 1 2 3 4 5 6 7 8 |  8.5
Short Blades   | 1 2 3 4 5 6 7 |  7.8
Long Blades    | 1 2 3 4 5 6 7 |  7.8
Axes           | 1 2 3 4 5 6 7 |  7.8
Maces & Flails | 1 2 3 4 5 6 7 |  7.8
Polearms       | 3 4 5 6 7 8 |  8.2
Staves         | 1 2 3 4 5 6 7 |  7.8
Slings         | 1 2 3 4 5 6 7 |  7.8
Crossbows      | 1 2 3 4 5 6 7 |  7.8
Throwing       | 1 2 3 4 5 6 7 |  7.8
Armour         | 1 2 3 4 5 6 7 |  7.8
Dodging        | 1 2 3 4 5 6 7 |  7.8
Shields        | 1 2 3 4 5 6 7 |  7.8
Unarmed Combat | 1 2 3 4 5 6 7 |  7.8
Spellcasting   | 1 2 3 4 5 6 7 |  7.8
Conjurations   | 1 2 3 4 5 6 |  6.4
Hexes          | 1 2 3 4 5 6 |  6.4
Charms         | 1 2 3 4 5 6 |  6.4
Summonings     | 1 2 3 4 5 6 |  6.4
Necromancy     | 1 2 3 4 5 6 |  6.4
Translocations | 1 2 3 4 5 6 |  6.4
Transmutations | 1 2 3 4 5 6 |  6.4
Fire Magic     | 1 2 3 4 5 6 |  6.4
Ice Magic      | 1 2 3 4 5 6 |  6.4
Air Magic      | 1 2 3 4 5 6 |  6.4
Earth Magic    | 1 2 3 4 5 6 |  6.4
Poison Magic   | 1 2 3 4 5 6 |  6.4
Evocations     | 3 4 5 6 7 8 |  8.2
Fighting       | 7 8 9 10 | 10.1
Bows           | 7 8 9 10 | 10.1
Stealth        | 5 6 7 8 |  8.9

Action                   |  1- 3 |  4- 6 |  7- 9 | 10-12 | 13-15 || total
-------------------------+-------+-------+-------+-------+-------++-------
Melee: Dagger            |     5 |       |       |       |       ||     5
       Bite              |     2 |     1 |    15 |    56 |     6 ||    80
       Spear             |    33 |       |       |       |       ||    33
       Trident           |    10 |    39 |   113 |    26 |       ||   188
       Quarterstaff      |       |       |    29 |       |       ||    29
       Punch             |       |       |     3 |    12 |     1 ||    16
       Demon blade       |       |       |       |   139 |       ||   139
       Broad axe         |       |       |       |    99 |    20 ||   119
 Fire: Shortbow          |    66 |    59 |   176 |   420 |     3 ||   724
Invok: Temporal Distorti |       |       |       |     2 |       ||     2
       Slouch            |       |       |       |     2 |       ||     2
Evoke: Wand              |       |       |       |     1 |       ||     1
  Use: Scroll            |     2 |     1 |     5 |    11 |     1 ||    20
       Potion            |       |       |       |     4 |     1 ||     5
 Stab: Distracted        |       |       |       |     1 |       ||     1
  Eat: Chunk             |     1 |     4 |     8 |    10 |       ||    23
       Fruit             |       |       |       |     3 |       ||     3
Armor: Ring mail         |    19 |       |       |       |       ||    19
       Scale mail        |     5 |       |       |       |       ||     5
       Chain mail        |     9 |    29 |   131 |   205 |    14 ||   388
Dodge: Dodged            |    36 |    22 |   100 |   314 |    21 ||   493
       Rpst.: Demon blade |       |       |       |    16 |       ||    16

Table legend:
 A = Spawn XP
 B = Non-spawn XP
 C = Spawn XP percentage of total XP
 D = Spawn monster count
 E = Non-spawn monster count
 F = Spawn count percentage of total count
 G = Total turns spent on level
                    A         B        C        D         E        F      G
               +---------+---------+-------+---------+---------+-------+---------
         Total |       0 |   33543 |   0.0 |       0 |     387 |   0.0 | 12425
               +---------+---------+-------+---------+---------+-------+---------
           D:1 |       0 |      21 |   0.0 |       0 |      14 |   0.0 |   779
           D:2 |       0 |     284 |   0.0 |       0 |      19 |   0.0 |   728
           D:3 |       0 |     340 |   0.0 |       0 |      28 |   0.0 |  1137
           D:4 |       0 |     269 |   0.0 |       0 |      16 |   0.0 |   899
           D:5 |       0 |    1839 |   0.0 |       0 |      29 |   0.0 |  1297
           D:6 |       0 |     972 |   0.0 |       0 |      39 |   0.0 |   634
           D:7 |       0 |    1395 |   0.0 |       0 |      11 |   0.0 |   766
           D:8 |       0 |    4628 |   0.0 |       0 |      34 |   0.0 |  1445
           D:9 |       0 |    2862 |   0.0 |       0 |      29 |   0.0 |  1045
          D:10 |       0 |    6363 |   0.0 |       0 |      38 |   0.0 |  1201
          D:11 |       0 |    7779 |   0.0 |       0 |      87 |   0.0 |  1237
          D:12 |       0 |    6023 |   0.0 |       0 |      35 |   0.0 |  1112
          D:13 |       0 |     768 |   0.0 |       0 |       8 |   0.0 |    74
               +---------+---------+-------+---------+---------+-------+---------
